 Dungeon Crawl Stone Soup version 0.26-a0-663-g36e8fdb655 (webtiles) character file.

Game seed: 17830906054136630166

65 grandjackal the Ducker (level 3, 0/28 HPs)
             Began as a Demonspawn Gladiator on Oct 11, 2020.
             Succumbed to a gnoll's poison
             ... on level 3 of the Dungeon.
             The game lasted 00:01:21 (1848 turns).

grandjackal the Ducker (Demonspawn Gladiator)       Turns: 1848, Time: 00:01:21

Health: 0/28       AC:  6    Str: 15    XL:     3   Next: 94%
Magic:  3/3        EV: 13    Int:  9    God:
Gold:   128        SH:  0    Dex: 14    Spells: 2/2 levels left

rFire    . . .     SeeInvis .   a - +0 long sword
rCold    . . .     Faith    .   (no shield)
rNeg     . . .     Spirit   .   b - +0 leather armour
rPois    .         Reflect  .   c - +0 helmet
rElec    .         Harm     .   (no cloak)
rCorr    .         Rampage  .   l - +1 pair of gloves
MR       .....                  (no boots)
Stlth    +.........             (no amulet)
HPRegen  0.09/turn              (no ring)
MPRegen  0.08/turn              (no ring)

@: lethally poisoned (0 -> -20)
A: talons 2
a: no special abilities


You were on level 3 of the Dungeon.
You visited 1 branch of the dungeon, and saw 3 of its levels.

You collected 128 gold pieces.

Inventory:

Hand Weapons
 a - a +0 long sword (weapon)
Missiles
 d - 3 throwing nets (quivered)
Armour
 b - a +0 leather armour (worn)
 c - a +0 helmet (worn)
 l - a +1 pair of gloves (worn)
Scrolls
 e - a scroll of noise {unknown}
 f - 3 scrolls of immolation {unknown}
 g - a scroll of random uselessness {unknown}
 i - 3 scrolls of teleportation
 j - a scroll of fear {unknown}
 k - a scroll of remove curse {unknown}
 m - a scroll of identify {unknown}
Potions
 h - a potion of cancellation {unknown}
 n - a potion of ambrosia {unknown}


   Skills:
 + Level 2.9 Fighting
 + Level 3.3 Long Blades
 - Level 1.7 Throwing
 + Level 3.3 Dodging


You had 2 spell levels left.
You didn't know any spells.
Your spell library was empty.

Dungeon Overview and Level Annotations

Branches:
Dungeon (3/15)

Altars:

Portals:
Abyss: D:3

Annotations:
D:3 dinky's ghost, weakling VSVM


Innate Abilities, Weirdness & Mutations

You have razor-sharp toenails.


Message History

You struggle against the net.
A gnoll comes into view. It is wielding a +0 spear.
The gnoll barely misses you.
You struggle against the net.
The gnoll shouts!
You hear a shout!
The gnoll hits you from afar with a +1 spear of venom.
You are poisoned.
The gnoll hits you from afar with a +0 spear.
The gnoll hits you but does no damage.
You struggle against the net.
You feel sick.
The gnoll hits you from afar with a +1 spear of venom.
You are lethally poisoned!
The gnoll hits you but does no damage. The gnoll hits you with a +0 spear!
* * * LOW HITPOINT WARNING * * *
You rip the net and break free!
* * * LOW HITPOINT WARNING * * *
You feel sick. The gnoll barely misses you. The gnoll completely misses you.
The gnoll hits you with a +0 spear.
* * * LOW HITPOINT WARNING * * *
You die...

...##(........ .$.
.[............ # #.#
#...........### #. #.#
#.##........# #
###.##.###.##.....#.####
##.......##..............
.........................
#...g.g.##..............
#...g..@................
#.......(#..........).#.
#.......##.........#....
.[.......##.........#....
.#.g.....###..#.#####....
#.......# #..#.####..#.#
#..####### #.#.......##..
#.# #####'''### ##
#####...######


You could see 4 gnolls.

Vanquished Creatures
  2 adders (D:3)
  3 worms (D:2)
  A leopard gecko (D:2)
  An orc (D:3)
  2 bats
  3 giant cockroaches
  4 hobgoblins (D:1)
  A quokka (D:2)
  A frilled lizard (D:1)
  5 goblins
  6 kobolds
  8 rats
37 creatures vanquished.

Notes
Turn   | Place    | Note
-------+----------+-------------------------------------------
     0 | D:1      | grandjackal the Demonspawn Gladiator began the quest for
                  | the Orb.
     0 | D:1      | Reached XP level 1. HP: 16/16 MP: 1/1
   556 | D:1      | Gained mutation: You have sharp toenails. [demonic
                  | ancestry]
   556 | D:1      | Reached XP level 2. HP: 21/22 MP: 2/2
  1238 | D:2      | Found a faded altar of an unknown god.
  1313 | D:2      | Gained mutation: You have razor-sharp toenails. [demonic
                  | ancestry]
  1313 | D:2      | Reached XP level 3. HP: 28/28 MP: 3/3
  1775 | D:3      | Found a one-way gate to the infinite horrors of the Abyss.
  1775 | D:3      | Noticed dinky's ghost (weakling VSVM)
  1775 | D:3      | Noticed a big kobold
  1847 | D:3      | HP: 1/28 [gnoll/+0 spear (4)]
  1848 | D:3      | Succumbed to a gnoll's poison

Illustrated notes

Levels and vault maps discovered:
D:1:      sevenhm_arrival_forest_fort_small_4, layout_basic,
          minmay_fountain_box, hangedman_abyss_or_decor_stabs
D:2:      layout_basic, chequers_ecumenical_altar_simple_redux
D:3:      layout_rooms, nemelex_altar_shiori, gammafunk_ghost_abyssal_escape,
          nicolae_dithmenos_through_a_glass_darkly

Skill      XL: |  1  2 |
---------------+-------+-----
Long Blades    | 3 |  3.3
Dodging        | 3 |  3.3
Fighting       | |  2.9
Throwing       | |  1.7

Action                   || total
-------------------------++-------
Melee: Long sword        ||    76
       Kick              ||    18
Armor: Leather armour    ||    25
Dodge: Dodged            ||    56
       Rpst.: Long sword ||    13

Table legend: (Time is in decaauts)
 A = Elapsed time spent in this place.
 B = Non-inter-level travel time spent in this place.
 C = Inter-level travel time spent in this place.
 D = Time resting spent in this place.
 E = Time spent auto-exploring this place.
 F = Levels seen in this place.
 G = Mean time per level.
                   A        B        C        D        E       F      G
               +--------+--------+--------+--------+--------+-----+--------+
         Total |   1871 |   1848 |     23 |    153 |   1458 |   3 |  623.7 |
       Dungeon |   1871 |   1848 |     23 |    153 |   1458 |   3 |  623.7 |
               +--------+--------+--------+--------+--------+-----+--------+

Top non-repeatable levels by time:
     D:1: 923 daAuts
     D:2: 730 daAuts
     D:3: 218 daAuts
